 Dungeon Crawl Stone Soup version 0.20-a0-680-g5c496f5 (webtiles) character file.

64 HEYYEYAAE the Cudgeler (level 3, 0/37 HPs)
             Began as a Troll Berserker on Feb 18, 2017.
             Was a Believer of Trog.
             Slain by HEYYEYAAE's ghost (2 damage)
             ... on level 3 of the Dungeon.
             The game lasted 00:01:41 (1253 turns).

HEYYEYAAE the Cudgeler (Troll Berserker)            Turns: 1253, Time: 00:01:42

Health: 0/37       AC:  5    Str: 26    XL:     3   Next: 91%
Magic:  2/2        EV: 10    Int:  3    God:    Trog [**....]
Gold:   135        SH:  0    Dex:  9    Spells: 2/2 levels left

rFire    . . .     SeeInvis .   a - +0 mace
rCold    . . .     Gourm    +   b - +0 animal skin
rNeg     . . .     Faith    .   (no shield)
rPois    .         Spirit   .   (helmet restricted)
rElec    .         Reflect  .   (no cloak)
rCorr    .         Harm     .   (gloves unavailable)
MR       .....                  (boots unavailable)
Stlth    +.........             (no amulet)
Regen    0.6/turn               (no ring)
MPRegen  0.1/turn               (no ring)

@: no status effects
A: unfitting armour, claws 3, fast metabolism 3, gourmand, regeneration 1,
shaggy fur 1, tough skin 2
a: Berserk, Trog's Hand, Burn Spellbooks, Renounce Religion


You were on level 3 of the Dungeon.
You worshipped Trog.
Trog was pleased with you.
You were not hungry.

You visited 1 branch of the dungeon, and saw 3 of its levels.

You collected 135 gold pieces.

Inventory:

Hand Weapons
 a - a +0 mace (weapon)
Armour
 b - a +0 animal skin (worn)
Jewellery
 f - a +5 ring of dexterity {unknown}
Scrolls
 e - 2 scrolls of enchant weapon {unknown}
 h - 2 scrolls of identify {unknown}
 j - 2 scrolls of teleportation {unknown}
 k - a scroll of random uselessness {unknown}
Potions
 d - a potion of flight {unknown}
 l - a potion of degeneration {unknown}
Books
 i - a book of Cantrips

   Spells                             Type                      Level
   a - Confusing Touch                Hexes                        1
   b - Animate Skeleton               Necromancy                   1
   c - Summon Small Mammal            Summoning                    1
   d - Apportation                    Translocation                1
   Trog disapproves of the use of such an item.
Comestibles
 c - 2 bread rations
 g - 2 meat rations
 m - 2 fruits


   Skills:
 + Level 3.2 Fighting
 * Level 3.7 Maces & Flails
 - Level 2.4 Dodging


You had 2 spell levels left.
You didn't know any spells.

Dungeon Overview and Level Annotations

Branches:
Dungeon (3/15)

Altars:
Elyvilon
Yredelemnul

Annotations:
D:3 HEYYEYAAE's ghost, amateur TrBe


Innate Abilities, Weirdness & Mutations

You are too large for most types of armour.
You have claws for hands.
Your metabolism is lightning-fast.
You like to eat raw meat.
Your natural rate of healing is unusually fast.
You are covered in fur. (AC +1)
You have very tough skin. (AC +2)


Message History

HEYYEYAAE's ghost barely misses you. HEYYEYAAE's ghost hits you.
You sock HEYYEYAAE's ghost!
HEYYEYAAE's ghost is moderately damaged.
HEYYEYAAE's ghost hits you.
You barely miss HEYYEYAAE's ghost.
HEYYEYAAE's ghost is moderately damaged.
HEYYEYAAE's ghost hits you but does no damage.
You closely miss HEYYEYAAE's ghost.
HEYYEYAAE's ghost is moderately damaged.
HEYYEYAAE's ghost hits you!
You hit HEYYEYAAE's ghost.
HEYYEYAAE's ghost is moderately damaged.
HEYYEYAAE's ghost hits you!
* * * LOW HITPOINT WARNING * * *
x2 You are too injured to fight recklessly!
You are too injured to fight recklessly!
Unknown command.
HEYYEYAAE's ghost hits you!
* * * LOW HITPOINT WARNING * * *
You die...

#[# #.. .....
###. #.# #.#
....# #. #.#
#........ #.
#.# #.#!⌠.⌠.#
#. #.#
#........ #.#
#.#.....# #.#
##..[._...
#.###g.#
#..@W#........
#####..#.⌠.⌠.#
##........
#.#.....#
#........
#####.### ..


You could see HEYYEYAAE's ghost and a goblin.

Vanquished Creatures
  2 adders (D:2)
  A worm (D:3)
  A dart slug (D:2)
  A leopard gecko (D:2)
  A ball python (D:3)
  6 giant cockroaches
  7 goblins
  6 hobgoblins
  A quokka (D:2)
  3 bats
  4 kobolds
  4 rats (D:1)
37 creatures vanquished.

Notes
Turn   | Place    | Note
-------+----------+-------------------------------------------
     0 | D:1      | HEYYEYAAE the Troll Berserker began the quest for the Orb.
     0 | D:1      | Reached XP level 1. HP: 22/22 MP: 0/0
   163 | D:1      | Reached XP level 2. HP: 29/29 MP: 1/1
   413 | D:1      | You fall through a shaft!
   518 | D:2      | Reached XP level 3. HP: 36/36 MP: 2/2
   667 | D:2      | Reached ** piety under Trog
   945 | D:2      | Found a basalt altar of Yredelemnul.
  1244 | D:3      | Noticed HEYYEYAAE's ghost (amateur TrBe)
  1244 | D:3      | Found a white marble altar of Elyvilon.
  1253 | D:3      | Slain by HEYYEYAAE's ghost

Vault maps used:
D:1:      dpeg_arrival_tiny_h, minmay_octomino_e4
D:2:      lemuel_coloured_pillars_altar, minmay_misc_feat_rows, minivault_23
D:3:      elyvilon_altar_5

Skill      XL: |  1  2  3 |
---------------+----------+-----
Maces & Flails | 3 |  3.7
Fighting       | 3 |  3.2
Dodging        | |  2.4

Action                   || total
-------------------------++-------
Melee: Mace              ||    93
 Stab: Sleeping          ||     1
  Eat: Chunk             ||     9
Armor: Animal skin       ||    36
Dodge: Dodged            ||    52
